Connexion

Reign vs Monsters

Created - 28 octobre 2023 at 08:25

Goals
1 2 3 T
Reign 1 1 2 4
Monsters 2 3 0 5
Shots
1 2 3 T
Reign 8 13 8 29
Monsters 13 7 4 24

GoalsPenalties
1st period
1. Monsters , Dysin Mayo 4 (Max Willman 8, Anthony Angello 19) at 8:00
2. Monsters , Anthony Angello 10 (Blade Jenkins 4, Dysin Mayo 13) at 9:09
3. Reign , Joël Teasdale 10 (Ryan Reaves 16, Zachary Aston-Reese 17) at 14:00
Matt Irwin (ONT) for Holding (Minor) at 4:54
Max Willman (CLE) for Hooking (Minor) at 9:49
Nicholas Abruzzese (CLE) for Roughing (Minor) at 14:33
2nd period
4. Monsters , Andrew Poturalski 11 (Alex Formenton 29, Dysin Mayo 14) at 0:20
5. Reign , Brogan Rafferty 6 (Ryan Reaves 17, Zachary Aston-Reese 18) at 2:54 (PP)
6. Monsters , Riley Sutter 13 (Mitch Reinke 28, Sean Day 22) at 6:56
7. Monsters , Nicholas Abruzzese 18 (Andrew Poturalski 20, Alex Formenton 30) at 19:25
Tim Gettinger (CLE) for Cross-checking (Minor) at 2:36
Anthony Angello (CLE) for Hooking (Minor) at 6:57
3rd period
8. Reign , Zachary Aston-Reese 17 (Brogan Rafferty 11, Matt Irwin 17) at 19:40
9. Reign , Zack Macewen 8 (Patrik Nemeth 7) at 19:57
No Penalty
Goalie Stats
Arvid Soderblom (ONT), 5 saves from 6 shots - (0,833), L, 5-8-0, 33:04 minutes
Pheonix Copley (ONT), 14 saves from 18 shots - (0,778), 26:56 minutes
Kevin Mandolese (CLE), 25 saves from 29 shots - (0,862), W, 16-8-0, 60:00 minutes
3 StarsOfficial
1 - Dysin Mayo (CLE)
2 - Zachary Aston-Reese (ONT)
3 - Anthony Angello (CLE)
Referees : Marcus Vinnerberg and Kelly Sutherland
Linesman : Tim Nowak and Jonny Murray
Game Note
Arvid Soderblom enters game at 6:56 of 2nd period
Finance
Level 1 -- Attendance: 1518 (75,90%) -- Ticket Income 60 720 $
Level 2 -- Attendance: 929 (92,90%) -- Ticket Income 18 580 $
Total Attendance: 2447 (81,57%)
Total Ticket Income: 79 300 $
Other Income: 15 860 $
Total Income: 95 160 $



Team Name Goals Shots Shots Attemp Shots Blocked PIM HIT PP PK FO%
Reign 4295762171 / 4 (25%)050%
Monsters 5244578310 / 1 (0%)150%

Reign
Player Name POS G A P +/- PIM HIT SHT SB MP PP MP PP SHT PK MP PK SHT FO% FOT
Andrew LaddLW/RW000-2023011:440:0000:000100% 1
Brogan RaffertyD112-1002023:303:5710:5500% 0
Connor MackeyD0000011020:232:1810:5500% 0
Danny DekeyserD0000000220:322:1801:0400% 0
Dominic ToninatoC000002106:060:0000:00067% 3
Jacob De La RoseC/LW000000006:060:0000:0000% 0
Jeff CarterC/RW000-1001018:492:2500:48047% 30
Joël TeasdaleLW1011001023:123:5001:0200% 0
John LeonardLW000-1005018:012:2510:000100% 1
Lawrence PilutD000-1010016:530:0000:5500% 0
Mason AppletonC/RW000-2000012:030:0000:1900% 0
Matt Irwin D011-1203322:343:5720:0000% 0
Patrick KhodorenkoC000-2002011:440:0000:00053% 15
Patrik NemethD011-1000016:070:0000:0900% 0
Ryan ReavesLW/RW0221030122:583:5000:4800% 0
Tyler WongC/RW000000206:060:0000:0000% 1
Zachary Aston-ReeseC/LW/RW1231024023:113:5001:01048% 31
Zack MacewenC/RW101-1064018:012:2520:0000% 0
Monsters
Player Name POS G A P +/- PIM HIT SHT SB MP PP MP PP SHT PK MP PK SHT FO% FOT
Adam GinningD0000001115:490:0000:0000% 0
Alex FormentonLW0220000024:100:5704:00056% 9
Andrew PoturalskiC/RW1120025018:290:5711:42043% 7
Anthony AngelloC/RW1122222016:341:0200:00050% 2
Blade JenkinsC/LW0112012016:370:0001:04050% 2
Carsen TwarynskiLW000001104:060:0000:0000% 1
Chris BigrasD0000030115:490:0000:0000% 0
Dysin MayoD1231022123:350:5713:0900% 0
Luke JohnsonC000001204:390:0000:33075% 4
Mason GeertsenD0001030023:350:5703:0900% 0
Max WillmanC/LW0112221115:320:0000:00050% 16
Mitch ReinkeD0111000020:361:0203:0600% 0
Nathan WalkerLW000000000:430:0000:0000% 0
Nicholas AbruzzeseC/LW1010203119:360:5702:50041% 17
Nicolas PetanC/LW/RW0000002017:191:0200:00050% 22
Riley SutterRW1010052116:170:0000:000100% 2
Sean DayD0111020020:361:0203:0600% 0
Tim GettingerLW0000271119:391:0202:2100% 0



Play-by-Play

1st period


0:01 of 1st period - Zachary Aston-Reese wins face-off versus Nicholas Abruzzese in neutral zone.
0:14 of 1st period - Andrew Poturalski is hit by Zachary Aston-Reese and loses puck.
0:22 of 1st period - Icing by Matt Irwin .
0:23 of 1st period - Nicolas Petan wins face-off versus Zachary Aston-Reese in Reign zone.
0:26 of 1st period - Shot by Tim Gettinger.
0:26 of 1st period - Shot Misses the Net.
0:28 of 1st period - Shot by Nicolas Petan.
0:28 of 1st period - Shot Blocked by Matt Irwin .
0:30 of 1st period - Shot by Tim Gettinger.
0:30 of 1st period - Shot Blocked by Matt Irwin .
0:43 of 1st period - Icing by Matt Irwin .
0:44 of 1st period - Zachary Aston-Reese wins face-off versus Max Willman in Reign zone.
0:44 of 1st period - Zachary Aston-Reese is hit by Max Willman.
0:47 of 1st period - Ryan Reaves is hit by Anthony Angello and loses puck.
0:54 of 1st period - Icing by Adam Ginning.
0:55 of 1st period - Anthony Angello wins face-off versus Jeff Carter in Monsters zone.
1:23 of 1st period - Off-side.
1:24 of 1st period - Alex Formenton wins face-off versus Patrick Khodorenko in neutral zone.
1:33 of 1st period - Shot by Nicholas Abruzzese.
1:33 of 1st period - Stopped by Pheonix Copley with a rebound.
1:52 of 1st period - Lawrence Pilut is hit by Dysin Mayo and loses puck.
1:58 of 1st period - Mason Appleton is hit by Mason Geertsen and loses puck.
2:14 of 1st period - Icing by Nicholas Abruzzese.
2:15 of 1st period - Jeff Carter wins face-off versus Andrew Poturalski in Monsters zone.
2:27 of 1st period - Icing by Dysin Mayo.
2:28 of 1st period - Dominic Toninato wins face-off versus Nicholas Abruzzese in Monsters zone.
3:21 of 1st period - Icing by Sean Day.
3:22 of 1st period - Nicolas Petan wins face-off versus Zachary Aston-Reese in Monsters zone.
3:53 of 1st period - Zachary Aston-Reese is hit by Tim Gettinger and loses puck.
4:04 of 1st period - Shot by Anthony Angello.
4:04 of 1st period - Shot Blocked by Danny Dekeyser.
4:22 of 1st period - Shot by Max Willman.
4:22 of 1st period - Stopped by Pheonix Copley without a rebound.
4:23 of 1st period - Jeff Carter wins face-off versus Carsen Twarynski in Reign zone.
4:23 of 1st period - Jeff Carter is hit by Luke Johnson.
4:54 of 1st period - Minor Penalty to Matt Irwin for Holding.
4:55 of 1st period - Zachary Aston-Reese wins face-off versus Nicholas Abruzzese in Reign zone.
5:12 of 1st period - Shot by Andrew Poturalski.
5:12 of 1st period - Stopped by Pheonix Copley without a rebound.
5:13 of 1st period - Nicolas Petan wins face-off versus Zachary Aston-Reese in Reign zone.
6:05 of 1st period - Shot by Dysin Mayo.
6:05 of 1st period - Stopped by Pheonix Copley with a rebound.
7:02 of 1st period - Shot by Luke Johnson.
7:02 of 1st period - Stopped by Pheonix Copley with a rebound.
7:10 of 1st period - Icing by Luke Johnson.
7:11 of 1st period - Luke Johnson wins face-off versus Patrick Khodorenko in Monsters zone.
7:26 of 1st period - Shot by Andrew Ladd.
7:26 of 1st period - Shot Misses the Net.
7:30 of 1st period - Shot by Mason Appleton.
7:30 of 1st period - Shot Misses the Net.
7:32 of 1st period - Shot by Patrick Khodorenko.
7:32 of 1st period - Shot Blocked by Adam Ginning.
7:34 of 1st period - Shot by Brogan Rafferty.
7:34 of 1st period - Stopped by Kevin Mandolese without a rebound.
7:35 of 1st period - Max Willman wins face-off versus Jeff Carter in Monsters zone.
7:35 of 1st period - Anthony Angello is hit by Zack Macewen and loses puck.
7:49 of 1st period - Blade Jenkins is hit by Lawrence Pilut and loses puck.
8:00 of 1st period - Shot by Dysin Mayo.
8:00 of 1st period - Goal by Dysin Mayo - Reign : 0 - Monsters : 1.
8:01 of 1st period - Nicolas Petan wins face-off versus Zachary Aston-Reese in neutral zone.
8:06 of 1st period - Shot by Nicolas Petan.
8:06 of 1st period - Stopped by Pheonix Copley without a rebound.
8:07 of 1st period - Zachary Aston-Reese wins face-off versus Nicolas Petan in Reign zone.
8:07 of 1st period - Joël Teasdale is hit by Tim Gettinger and loses puck.
8:16 of 1st period - Shot by Nicolas Petan.
8:16 of 1st period - Shot Misses the Net.
8:18 of 1st period - Shot by Nicolas Petan.
8:18 of 1st period - Shot Misses the Net.
8:29 of 1st period - Joël Teasdale is hit by Chris Bigras and loses puck.
9:09 of 1st period - Shot by Blade Jenkins.
9:09 of 1st period - Deflect By Anthony Angello.
9:09 of 1st period - Goal by Anthony Angello - Reign : 0 - Monsters : 2.
9:10 of 1st period - Jeff Carter wins face-off versus Nicholas Abruzzese in neutral zone.
9:10 of 1st period - Brogan Rafferty is hit by Andrew Poturalski and loses puck.
9:22 of 1st period - Shot by Andrew Poturalski.
9:22 of 1st period - Stopped by Pheonix Copley without a rebound.
9:23 of 1st period - Blade Jenkins wins face-off versus Patrick Khodorenko in Reign zone.
9:49 of 1st period - Minor Penalty to Max Willman for Hooking.
9:50 of 1st period - Jeff Carter wins face-off versus Alex Formenton in Monsters zone.
9:53 of 1st period - Shot by John Leonard.
9:53 of 1st period - Shot Misses the Net.
9:55 of 1st period - Shot by Matt Irwin .
9:55 of 1st period - Shot Blocked by Nicholas Abruzzese.
10:03 of 1st period - Shot by Jeff Carter.
10:03 of 1st period - Shot Misses the Net.
10:05 of 1st period - Shot by Matt Irwin .
10:05 of 1st period - Stopped by Kevin Mandolese without a rebound.
10:06 of 1st period - Alex Formenton wins face-off versus Zachary Aston-Reese in Monsters zone.
10:29 of 1st period - Shot by Alex Formenton.
10:29 of 1st period - Shot Blocked by Danny Dekeyser.
11:15 of 1st period - Shot by Zack Macewen.
11:15 of 1st period - Stopped by Kevin Mandolese without a rebound.
11:16 of 1st period - Andrew Poturalski wins face-off versus Jeff Carter in Monsters zone.
11:22 of 1st period - Icing by Jeff Carter.
11:23 of 1st period - John Leonard wins face-off versus Andrew Poturalski in Reign zone.
12:23 of 1st period - Shot by Patrick Khodorenko.
12:23 of 1st period - Stopped by Kevin Mandolese with a rebound.
12:26 of 1st period - Icing by Chris Bigras.
12:27 of 1st period - Zachary Aston-Reese wins face-off versus Max Willman in Monsters zone.
12:38 of 1st period - Shot by Adam Ginning.
12:38 of 1st period - Stopped by Pheonix Copley without a rebound.
12:39 of 1st period - Nicholas Abruzzese wins face-off versus Jeff Carter in Reign zone.
12:49 of 1st period - Icing by Connor Mackey.
12:50 of 1st period - Riley Sutter wins face-off versus Jeff Carter in Reign zone.
13:03 of 1st period - Shot by Nicolas Petan.
13:03 of 1st period - Shot Misses the Net.
13:07 of 1st period - Shot by Tim Gettinger.
13:07 of 1st period - Stopped by Pheonix Copley with a rebound.
13:58 of 1st period - Shot by Ryan Reaves.
13:58 of 1st period - Shot Misses the Net.
14:00 of 1st period - Shot by Joël Teasdale.
14:00 of 1st period - Goal by Joël Teasdale - Reign : 1 - Monsters : 2.
14:01 of 1st period - Nicholas Abruzzese wins face-off versus Patrick Khodorenko in neutral zone.
14:12 of 1st period - Shot by Andrew Ladd.
14:12 of 1st period - Stopped by Kevin Mandolese with a rebound.
14:14 of 1st period - Shot by Andrew Ladd.
14:14 of 1st period - Deflect By Patrick Khodorenko.
14:14 of 1st period - Shot Misses the Net.
14:22 of 1st period - Shot by Mason Appleton.
14:22 of 1st period - Shot Misses the Net.
14:33 of 1st period - Minor Penalty to Nicholas Abruzzese for Roughing.
14:34 of 1st period - Zachary Aston-Reese wins face-off versus Alex Formenton in Monsters zone.
15:31 of 1st period - Shot by Connor Mackey.
15:31 of 1st period - Stopped by Kevin Mandolese without a rebound.
15:32 of 1st period - Jeff Carter wins face-off versus Andrew Poturalski in Monsters zone.
15:34 of 1st period - Zack Macewen is hit by Sean Day and loses puck.
15:54 of 1st period - Off-side.
15:55 of 1st period - Alex Formenton wins face-off versus Zachary Aston-Reese in neutral zone.
16:41 of 1st period - Icing by Adam Ginning.
16:42 of 1st period - Max Willman wins face-off versus Jeff Carter in Monsters zone.
16:53 of 1st period - Shot by Max Willman.
16:53 of 1st period - Shot Misses the Net.
17:09 of 1st period - Shot by Anthony Angello.
17:09 of 1st period - Deflect By Blade Jenkins.
17:09 of 1st period - Stopped by Pheonix Copley without a rebound.
17:10 of 1st period - Andrew Ladd wins face-off versus Nicolas Petan in Reign zone.
17:10 of 1st period - Andrew Ladd is hit by Riley Sutter.
17:38 of 1st period - Mason Appleton is hit by Tim Gettinger and loses puck.
17:42 of 1st period - Lawrence Pilut is hit by Riley Sutter and loses puck.
18:10 of 1st period - Shot by Ryan Reaves.
18:10 of 1st period - Shot Misses the Net.
18:12 of 1st period - Shot by Matt Irwin .
18:12 of 1st period - Stopped by Kevin Mandolese without a rebound.
18:13 of 1st period - Jeff Carter wins face-off versus Nicholas Abruzzese in Monsters zone.
18:23 of 1st period - Off-side.
18:24 of 1st period - Nicholas Abruzzese wins face-off versus Zachary Aston-Reese in neutral zone.
19:45 of 1st period - Shot by Anthony Angello.
19:45 of 1st period - Stopped by Pheonix Copley without a rebound.
19:46 of 1st period - Jeff Carter wins face-off versus Nicolas Petan in Reign zone.
Goals for this period are 1 for Reign vs 2 for Monsters.
Shots for this period are 8 for Reign vs 13 for Monsters.

2nd period


0:01 of 2nd period - Nicholas Abruzzese wins face-off versus Zachary Aston-Reese in neutral zone.
0:20 of 2nd period - Shot by Andrew Poturalski.
0:20 of 2nd period - Goal by Andrew Poturalski - Reign : 1 - Monsters : 3.
0:21 of 2nd period - Jeff Carter wins face-off versus Nicolas Petan in neutral zone.
0:30 of 2nd period - Shot by John Leonard.
0:30 of 2nd period - Stopped by Kevin Mandolese without a rebound.
0:31 of 2nd period - Zachary Aston-Reese wins face-off versus Nicholas Abruzzese in Monsters zone.
0:31 of 2nd period - Zachary Aston-Reese is hit by Mason Geertsen.
0:35 of 2nd period - Shot by Ryan Reaves.
0:35 of 2nd period - Shot Misses the Net.
1:33 of 2nd period - Shot by Jeff Carter.
1:33 of 2nd period - Stopped by Kevin Mandolese without a rebound.
1:34 of 2nd period - Nicolas Petan wins face-off versus Tyler Wong in Monsters zone.
1:34 of 2nd period - Nicolas Petan is hit by Dominic Toninato.
1:45 of 2nd period - Dominic Toninato is hit by Riley Sutter.
2:05 of 2nd period - Shot by Dominic Toninato.
2:05 of 2nd period - Stopped by Kevin Mandolese without a rebound.
2:06 of 2nd period - Jeff Carter wins face-off versus Max Willman in Monsters zone.
2:20 of 2nd period - John Leonard is hit by Chris Bigras and loses puck.
2:27 of 2nd period - Shot by Blade Jenkins.
2:27 of 2nd period - Stopped by Pheonix Copley without a rebound.
2:28 of 2nd period - Luke Johnson wins face-off versus Zachary Aston-Reese in Reign zone.
2:31 of 2nd period - Shot by Alex Formenton.
2:31 of 2nd period - Shot Blocked by Matt Irwin .
2:34 of 2nd period - Icing by Brogan Rafferty.
2:35 of 2nd period - Zachary Aston-Reese wins face-off versus Nicolas Petan in Reign zone.
2:35 of 2nd period - Zachary Aston-Reese is hit by Riley Sutter.
2:36 of 2nd period - Minor Penalty to Tim Gettinger for Cross-checking.
2:37 of 2nd period - Alex Formenton wins face-off versus Zachary Aston-Reese in Monsters zone.
2:54 of 2nd period - Shot by Brogan Rafferty.
2:54 of 2nd period - Goal by Brogan Rafferty - Reign : 2 - Monsters : 3.
2:55 of 2nd period - Nicolas Petan wins face-off versus Jeff Carter in neutral zone.
3:11 of 2nd period - Jeff Carter is hit by Tim Gettinger and loses puck.
4:59 of 2nd period - Icing by Patrick Khodorenko.
5:00 of 2nd period - Max Willman wins face-off versus Patrick Khodorenko in Reign zone.
5:19 of 2nd period - Shot by Anthony Angello.
5:19 of 2nd period - Shot Misses the Net.
5:32 of 2nd period - Icing by Chris Bigras.
5:33 of 2nd period - Max Willman wins face-off versus Jeff Carter in Monsters zone.
5:33 of 2nd period - Max Willman is hit by Zack Macewen.
6:20 of 2nd period - Icing by Alex Formenton.
6:21 of 2nd period - Luke Johnson wins face-off versus Zachary Aston-Reese in Monsters zone.
6:21 of 2nd period - Luke Johnson is hit by Zachary Aston-Reese.
6:24 of 2nd period - Alex Formenton is hit by Ryan Reaves and loses puck.
6:42 of 2nd period - Shot by Carsen Twarynski.
6:42 of 2nd period - Stopped by Pheonix Copley without a rebound.
6:43 of 2nd period - Patrick Khodorenko wins face-off versus Nicolas Petan in Reign zone.
6:54 of 2nd period - Shot by Riley Sutter.
6:54 of 2nd period - Stopped by Pheonix Copley with a rebound.
6:56 of 2nd period - Shot by Riley Sutter.
6:56 of 2nd period - Goal by Riley Sutter - Reign : 2 - Monsters : 4.
6:56 of 2nd period - Arvid Soderblom enters game.
6:57 of 2nd period - Zachary Aston-Reese wins face-off versus Anthony Angello in neutral zone.
6:57 of 2nd period - Minor Penalty to Anthony Angello for Hooking.
6:58 of 2nd period - Zachary Aston-Reese wins face-off versus Alex Formenton in Monsters zone.
6:59 of 2nd period - Shot by Matt Irwin .
6:59 of 2nd period - Stopped by Kevin Mandolese with a rebound.
7:55 of 2nd period - Joël Teasdale is hit by Tim Gettinger and loses puck.
8:28 of 2nd period - Shot by Zack Macewen.
8:28 of 2nd period - Shot Blocked by Dysin Mayo.
8:34 of 2nd period - Shot by Zack Macewen.
8:34 of 2nd period - Stopped by Kevin Mandolese without a rebound.
8:35 of 2nd period - Andrew Poturalski wins face-off versus Jeff Carter in Monsters zone.
8:41 of 2nd period - Icing by Zack Macewen.
8:42 of 2nd period - Andrew Poturalski wins face-off versus Jeff Carter in Reign zone.
8:50 of 2nd period - Off-side.
8:51 of 2nd period - Jeff Carter wins face-off versus Andrew Poturalski in neutral zone.
8:56 of 2nd period - Shot by John Leonard.
8:56 of 2nd period - Stopped by Kevin Mandolese without a rebound.
8:57 of 2nd period - Patrick Khodorenko wins face-off versus Nicolas Petan in Monsters zone.
9:08 of 2nd period - Patrick Khodorenko is hit by Tim Gettinger and loses puck.
9:54 of 2nd period - Off-side.
9:55 of 2nd period - Zachary Aston-Reese wins face-off versus Max Willman in neutral zone.
9:57 of 2nd period - Matt Irwin is hit by Max Willman and loses puck.
10:07 of 2nd period - Icing by Adam Ginning.
10:08 of 2nd period - Max Willman wins face-off versus Jeff Carter in Monsters zone.
11:09 of 2nd period - Shot by Zachary Aston-Reese.
11:09 of 2nd period - Stopped by Kevin Mandolese without a rebound.
11:10 of 2nd period - Nicolas Petan wins face-off versus Dominic Toninato in Monsters zone.
11:10 of 2nd period - Nicolas Petan is hit by Dominic Toninato.
11:47 of 2nd period - Shot by Tyler Wong.
11:47 of 2nd period - Stopped by Kevin Mandolese without a rebound.
11:48 of 2nd period - Zachary Aston-Reese wins face-off versus Nicholas Abruzzese in Monsters zone.
11:48 of 2nd period - Zachary Aston-Reese is hit by Mason Geertsen.
11:52 of 2nd period - Shot by Ryan Reaves.
11:52 of 2nd period - Shot Misses the Net.
13:43 of 2nd period - Shot by Zack Macewen.
13:43 of 2nd period - Shot Blocked by Riley Sutter.
13:45 of 2nd period - Shot by John Leonard.
13:45 of 2nd period - Deflect By Zack Macewen.
13:45 of 2nd period - Stopped by Kevin Mandolese with a rebound.
13:59 of 2nd period - Shot by John Leonard.
13:59 of 2nd period - Deflect By Zack Macewen.
13:59 of 2nd period - Shot Misses the Net.
14:01 of 2nd period - Shot by John Leonard.
14:01 of 2nd period - Stopped by Kevin Mandolese with a rebound.
15:05 of 2nd period - Dysin Mayo is hit by Andrew Ladd and loses puck.
15:32 of 2nd period - Shot by Dominic Toninato.
15:32 of 2nd period - Deflect By Tyler Wong.
15:32 of 2nd period - Stopped by Kevin Mandolese without a rebound.
15:33 of 2nd period - Max Willman wins face-off versus Jeff Carter in Monsters zone.
15:33 of 2nd period - Max Willman is hit by Zack Macewen.
16:36 of 2nd period - Shot by Luke Johnson.
16:36 of 2nd period - Stopped by Arvid Soderblom with a rebound.
16:42 of 2nd period - Shot by Luke Johnson.
16:42 of 2nd period - Shot Misses the Net.
16:45 of 2nd period - Icing by Danny Dekeyser.
16:46 of 2nd period - Dominic Toninato wins face-off versus Nicholas Abruzzese in Reign zone.
17:46 of 2nd period - Max Willman is hit by Ryan Reaves and loses puck.
18:11 of 2nd period - Chris Bigras is hit by Ryan Reaves and loses puck.
18:46 of 2nd period - Shot by John Leonard.
18:46 of 2nd period - Shot Misses the Net.
18:48 of 2nd period - Shot by Brogan Rafferty.
18:48 of 2nd period - Shot Misses the Net.
18:52 of 2nd period - Shot by Jeff Carter.
18:52 of 2nd period - Shot Blocked by Chris Bigras.
18:54 of 2nd period - Shot by John Leonard.
18:54 of 2nd period - Stopped by Kevin Mandolese without a rebound.
18:55 of 2nd period - Patrick Khodorenko wins face-off versus Nicholas Abruzzese in Monsters zone.
19:19 of 2nd period - Shot by Andrew Poturalski.
19:19 of 2nd period - Deflect By Alex Formenton.
19:19 of 2nd period - Shot Misses the Net.
19:21 of 2nd period - Shot by Alex Formenton.
19:21 of 2nd period - Shot Misses the Net.
19:23 of 2nd period - Shot by Andrew Poturalski.
19:23 of 2nd period - Shot Misses the Net.
19:25 of 2nd period - Shot by Nicholas Abruzzese.
19:25 of 2nd period - Goal by Nicholas Abruzzese - Reign : 2 - Monsters : 5.
19:26 of 2nd period - Jeff Carter wins face-off versus Nicolas Petan in neutral zone.
19:35 of 2nd period - Off-side.
19:36 of 2nd period - Nicolas Petan wins face-off versus Zachary Aston-Reese in neutral zone.
Goals for this period are 1 for Reign vs 3 for Monsters.
Shots for this period are 13 for Reign vs 7 for Monsters.

3rd period


0:01 of 3rd period - Nicholas Abruzzese wins face-off versus Zachary Aston-Reese in neutral zone.
0:04 of 3rd period - Shot by Alex Formenton.
0:04 of 3rd period - Shot Misses the Net.
0:17 of 3rd period - Icing by Dysin Mayo.
0:18 of 3rd period - Nicholas Abruzzese wins face-off versus Jeff Carter in Monsters zone.
0:18 of 3rd period - Nicholas Abruzzese is hit by Zack Macewen.
0:41 of 3rd period - Shot by John Leonard.
0:41 of 3rd period - Shot Misses the Net.
0:46 of 3rd period - Alex Formenton is hit by Zack Macewen and loses puck.
0:54 of 3rd period - Alex Formenton is hit by Zack Macewen and loses puck.
1:27 of 3rd period - Shot by Zachary Aston-Reese.
1:27 of 3rd period - Stopped by Kevin Mandolese without a rebound.
1:28 of 3rd period - Max Willman wins face-off versus Patrick Khodorenko in Monsters zone.
1:28 of 3rd period - Blade Jenkins is hit by Andrew Ladd and loses puck.
1:40 of 3rd period - Icing by Max Willman.
1:41 of 3rd period - Zachary Aston-Reese wins face-off versus Max Willman in Monsters zone.
1:45 of 3rd period - Ryan Reaves is hit by Chris Bigras and loses puck.
3:42 of 3rd period - Shot by Nicolas Petan.
3:42 of 3rd period - Shot Misses the Net.
3:50 of 3rd period - Shot by Zack Macewen.
3:50 of 3rd period - Shot Misses the Net.
4:14 of 3rd period - Dominic Toninato is hit by Riley Sutter and loses puck.
5:00 of 3rd period - Chris Bigras is hit by Connor Mackey.
7:46 of 3rd period - Zack Macewen is hit by Anthony Angello and loses puck.
7:50 of 3rd period - Icing by Zack Macewen.
7:51 of 3rd period - Jeff Carter wins face-off versus Luke Johnson in Reign zone.
7:51 of 3rd period - Jeff Carter is hit by Carsen Twarynski.
9:15 of 3rd period - Shot by Riley Sutter.
9:15 of 3rd period - Shot Misses the Net.
9:23 of 3rd period - Shot by Joël Teasdale.
9:23 of 3rd period - Shot Misses the Net.
9:25 of 3rd period - Shot by Zachary Aston-Reese.
9:25 of 3rd period - Stopped by Kevin Mandolese without a rebound.
9:26 of 3rd period - Patrick Khodorenko wins face-off versus Max Willman in Monsters zone.
9:27 of 3rd period - Shot by Mason Appleton.
9:27 of 3rd period - Deflect By Patrick Khodorenko.
9:27 of 3rd period - Stopped by Kevin Mandolese without a rebound.
9:28 of 3rd period - Jeff Carter wins face-off versus Blade Jenkins in Monsters zone.
10:36 of 3rd period - Shot by Ryan Reaves.
10:36 of 3rd period - Shot Misses the Net.
11:13 of 3rd period - Off-side.
11:14 of 3rd period - Nicolas Petan wins face-off versus Patrick Khodorenko in neutral zone.
11:21 of 3rd period - Connor Mackey is hit by Dysin Mayo and loses puck.
11:50 of 3rd period - Shot by Mason Appleton.
11:50 of 3rd period - Shot Blocked by Tim Gettinger.
11:55 of 3rd period - Icing by Dysin Mayo.
11:56 of 3rd period - Nicolas Petan wins face-off versus Jeff Carter in Monsters zone.
12:03 of 3rd period - Shot by Nicolas Petan.
12:03 of 3rd period - Stopped by Arvid Soderblom without a rebound.
12:04 of 3rd period - Alex Formenton wins face-off versus Jeff Carter in Reign zone.
12:17 of 3rd period - Shot by Zack Macewen.
12:17 of 3rd period - Shot Misses the Net.
12:21 of 3rd period - Shot by John Leonard.
12:21 of 3rd period - Stopped by Kevin Mandolese without a rebound.
12:22 of 3rd period - Zachary Aston-Reese wins face-off versus Max Willman in Monsters zone.
13:08 of 3rd period - Joël Teasdale is hit by Blade Jenkins and loses puck.
13:46 of 3rd period - Icing by Brogan Rafferty.
13:47 of 3rd period - Riley Sutter wins face-off versus Jeff Carter in Reign zone.
14:51 of 3rd period - Icing by Patrick Khodorenko.
14:52 of 3rd period - Patrick Khodorenko wins face-off versus Alex Formenton in Reign zone.
15:14 of 3rd period - Off-side.
15:15 of 3rd period - Max Willman wins face-off versus Zachary Aston-Reese in neutral zone.
15:18 of 3rd period - Shot by Blade Jenkins.
15:18 of 3rd period - Shot Misses the Net.
15:55 of 3rd period - Shot by Zachary Aston-Reese.
15:55 of 3rd period - Deflect By Joël Teasdale.
15:55 of 3rd period - Shot Blocked by Max Willman.
16:33 of 3rd period - Jeff Carter is hit by Andrew Poturalski and loses puck.
16:46 of 3rd period - Shot by Andrew Poturalski.
16:46 of 3rd period - Stopped by Arvid Soderblom without a rebound.
16:47 of 3rd period - Patrick Khodorenko wins face-off versus Nicolas Petan in Reign zone.
16:47 of 3rd period - Patrick Khodorenko is hit by Tim Gettinger.
16:59 of 3rd period - Shot by Mason Appleton.
16:59 of 3rd period - Deflect By Andrew Ladd.
16:59 of 3rd period - Stopped by Kevin Mandolese with a rebound.
17:07 of 3rd period - Shot by Mason Appleton.
17:07 of 3rd period - Deflect By Andrew Ladd.
17:07 of 3rd period - Shot Misses the Net.
17:14 of 3rd period - Icing by Adam Ginning.
17:15 of 3rd period - Nicolas Petan wins face-off versus Zachary Aston-Reese in Monsters zone.
17:56 of 3rd period - Shot by Andrew Poturalski.
17:56 of 3rd period - Shot Blocked by Ryan Reaves.
18:23 of 3rd period - Shot by Nicholas Abruzzese.
18:23 of 3rd period - Stopped by Arvid Soderblom with a rebound.
18:25 of 3rd period - Shot by Andrew Poturalski.
18:25 of 3rd period - Stopped by Arvid Soderblom without a rebound.
18:26 of 3rd period - Patrick Khodorenko wins face-off versus Max Willman in Reign zone.
18:34 of 3rd period - Andrew Ladd is hit by Sean Day and loses puck.
19:06 of 3rd period - Icing by Connor Mackey.
19:07 of 3rd period - Patrick Khodorenko wins face-off versus Nicolas Petan in Reign zone.
19:14 of 3rd period - Shot by Andrew Ladd.
19:14 of 3rd period - Stopped by Kevin Mandolese without a rebound.
19:15 of 3rd period - Zachary Aston-Reese wins face-off versus Nicholas Abruzzese in Monsters zone.
19:36 of 3rd period - Shot by Zachary Aston-Reese.
19:36 of 3rd period - Shot Misses the Net.
19:38 of 3rd period - Shot by Zachary Aston-Reese.
19:38 of 3rd period - Shot Misses the Net.
19:40 of 3rd period - Shot by Zachary Aston-Reese.
19:40 of 3rd period - Goal by Zachary Aston-Reese - Reign : 3 - Monsters : 5.
19:41 of 3rd period - Jeff Carter wins face-off versus Nicolas Petan in neutral zone.
19:49 of 3rd period - Shot by Nicolas Petan.
19:49 of 3rd period - Deflect By Riley Sutter.
19:49 of 3rd period - Shot Misses the Net.
19:57 of 3rd period - Shot by Zack Macewen.
19:57 of 3rd period - Goal by Zack Macewen - Reign : 4 - Monsters : 5.
19:58 of 3rd period - Nicholas Abruzzese wins face-off versus Zachary Aston-Reese in neutral zone.
Goals for this period are 2 for Reign vs 0 for Monsters.
Shots for this period are 8 for Reign vs 4 for Monsters.